 Dungeon Crawl Stone Soup version 0.23-a0-130-g0e7800e (console) character file.

205 TAS2012 the Ducker (level 5, 0/42 HPs)
             Began as a Spriggan Monk on Aug 27, 2018.
             Succumbed to a worker ant's poison
             ... on level 3 of the Dungeon.
             The game lasted 00:13:55 (4395 turns).

TAS2012 the Ducker (Spriggan Monk)                  Turns: 4395, Time: 00:13:56

Health: 0/42       AC: 22    Str:  8    XL:     5   Next: 52%
Magic:  6/6        EV:  4    Int: 12    God:
Gold:   145        SH:  0    Dex: 18    Spells: 4/4 levels left

rFire    . . .     SeeInvis +   s - -1 short sword (curse)
rCold    . . .     Gourm    .   (shield restricted)
rNeg     + + +     Faith    .   (armour currently unavailable)
rPois    +         Spirit   .   (helmet currently unavailable)
rElec    .         Reflect  .   (cloak currently unavailable)
rCorr    .         Harm     .   (gloves unavailable)
MR       +....     NoTele   +   (boots unavailable)
Stlth    +++.......             (no amulet)
HPRegen  0.14/turn              v - ring of protection from magic
MPRegen  0.10/turn              (no ring)

@: lethally poisoned (0 -> -7), tree-form
A: very small, unfitting armour, see invisible, herbivore, slow metabolism 2
a: no special abilities


You were on level 3 of the Dungeon.
You were not hungry.
You were a tree.
You visited 1 branch of the dungeon, and saw 3 of its levels.

You collected 145 gold pieces.

Inventory:

Hand Weapons
 a - a +0 short sword
 e - a +0 dagger
 s - a cursed -1 short sword (weapon)
 t - a +0 blowgun
Missiles
 h - 52 stones (quivered)
 u - 32 poisoned needles
Armour
 b - a +1 robe (melded)
 g - a +2 hat (melded)
Jewellery
 v - a ring of protection from magic (left branch)
Potions
 n - a potion of degeneration
Comestibles
 c - 2 rations


   Skills:
 + Level 3.1 Fighting
 * Level 5.5 Short Blades
 + Level 5.8 Dodging
 * Level 3.6 Stealth


You had 4 spell levels left.
You didn't know any spells.
Your spell library contained the following spells:

 Spells                   Type           Power        Failure   Level  Hunger
 Magic Dart               Conj           #...         32%         1    ##.....
 Blink                    Tloc           N/A          45%         2    ###....
 Call Imp                 Summ           #.......     45%         2    ###....
 Slow                     Hex            #.......     45%         2    ###....
 Conjure Flame            Conj/Fire      #.......     69%         3    ####...
 Mephitic Cloud           Conj/Pois/Air  #.......     69%         3    ####...


Dungeon Overview and Level Annotations

Branches:
Dungeon (3/15)

Altars:
Elyvilon
Gozag

Annotations:
D:3 Grinder


Innate Abilities, Weirdness & Mutations

You are very small and have problems with some larger weapons.
You are too small for most types of armour.
You have supernaturally acute eyesight. (SInv)
You are a herbivore.
((You cover ground extremely quickly.))
You need to consume almost no food.


Message History

You feel sick.
There is a lethal amount of poison in your body!
You aren't carrying any scrolls.
* * * LOW HITPOINT WARNING * * *
You feel sick.
* * * LOW HITPOINT WARNING * * *
You feel sick.
* * * LOW HITPOINT WARNING * * *
You feel sick.
* * * LOW HITPOINT WARNING * * *
You feel sick.
* * * LOW HITPOINT WARNING * * *
You feel sick.
* * * LOW HITPOINT WARNING * * *
You feel sick.
* * * LOW HITPOINT WARNING * * *
You feel sick.
* * * LOW HITPOINT WARNING * * *
You feel sick.
You die...

▒····▒ ▒····▒▒▒▒ ▒············▒·▒▒▒▒▒'···♣·_·♣·······▒·······▒
▒· ▒····▒ ▒····▒
▒▒▒▒▒▒▒▒▒▒▒▒▒▒·▒·················▒▒▒▒·▒▒▒▒▒▒▒▒▒▒·
▒····▒▒▒▒····▒ ▒···········▒······▒≈··♣·)≈▒··················
▒····))·▒····▒ ▒·▒▒▒▒▒▒▒▒▒▒▒······▒≈≈···≈≈▒··▒▒▒▒·▒▒▒▒▒▒▒▒▒▒▒
▒····▒▒·▒····▒ ▒·▒ ▒············▒▒▒·)·▒▒▒··▒ ▒·▒ ▒····▒▒······▒
▒·▒ ▒·▒▒▒▒▒·······▒▒···▒▒·▒·▒▒ ▒·▒ ▒····▒▒▒▒▒▒▒▒▒ ▒·▒ ▒·▒
▒▒▒▒▒▒▒▒▒▒·▒·▒▒·▒··▒ ▒·▒ ░░░░▒▒▒▒▒▒░░░░░░░░░░░░░░░░░▒·▒▒▒▒▒·▒
▒·▒·▒▒·▒··▒▒▒·▒
◦◦◦◦◦◦◦◦◦◦◦◦◦◦◦◦◦◦◦◦◦◦◦◦◦◦◦▒·······▒▒▒▒▒▒▒▒▒▒▒▒▒▒·▒·▒▒·▒···▒▒·▒
░░◦░░░░░░░░░░░░░░◦◦◦◦◦◦◦◦◦◦▒······················▒·▒▒·▒▒··▒▒·▒
░◦░ ░◦◦◦◦◦◦◦◦◦◦◦◦◦◦◦◦◦◦◦▒·▒▒···············[·····▒▒·▒▒··▒▒·▒
░◦░ ░◦░░░░░░░░◦◦◦◦◦◦◦◦◦◦▒·▒▒·▒····)·▒▒▒▒▒▒▒▒▒▒▒▒····▒▒···▒·▒
░◦░ ░◦░░░░ ░◦◦◦◦◦◦◦◦◦◦▒·▒··▒··%♣▒·▒····················▒·▒ ░◦░
░◦◦◦◦░ ░◦◦◦◦◦◦◦◦◦░▒·▒·▒▒▒▒▒▒▒·▒·▒▒▒▒▒▒▒▒▒▒····▒·▒··▒·▒ ░◦░
░◦◦◦◦░░░░░◦◦◦◦◦◦◦◦◦░▒·▒·········▒·▒ ▒····▒·▒··▒·▒ ░◦░
░◦◦◦◦◦◦◦◦◦◦◦◦◦◦◦◦◦◦░▒······▒▒▒▒▒▒·▒ ▒····▒·▒····▒ ░◦░
░◦░◦◦◦◦◦◦◦◦◦◦◦◦◦◦◦◦░▒······▒ ▒·▒▒▒▒▒▒▒▒▒▒····▒·▒▒···▒ ░◦░
░◦░◦◦◦◦◦◦◦◦◦◦◦◦◦◦◦◦░▒······▒ ▒···············▒·▒▒···▒
░◦░░░░░◦░◦◦◦◦◦◦◦░░░░░░░░░░▒·▒▒▒▒▒▒░░░░▒▒▒▒▒▒▒▒▒▒▒▒▒▒▒········▒
░◦◦◦◦◦◦◦◼◦◦◦◦◦◦◦░ ▒·▒ ░◦◦◦◦◦◦◦◦◦◦◦◦◦··············>▒
░░░░░░░◦░◦◦◦◦◦◦◦░ ▒▒▒▒▒▒▒▒▒·▒ ░◦░░░░░░░░░░░░▒▒▒▒▒▒▒·▒·▒▒▒▒▒▒
░◦░◦◦◦◦◦◦◦░ ▒·········▒ ░◦░ ░◦◦◦◦◦◦◦◦░░░░▒·▒·▒ ░░◼░◦◦◦◦◦◦◦░
▒a▒▒▒▒▒▒▒▒▒ ░◦░ ░◦░░◦◦◦◦◦◦◦◦░▒·▒·▒░░░░░░░░░░ ░◦◦◦◦◦◦◦◦◦◦░
▒·▒·····▒ ░◦░ ░◦░░◦◦◦◦◦◦◦◦░▒·▒·▒░◦◦◦◦◦◦◦◦░ ░◦◦◦◦◦◦◦◦◦◦░
▒·▒·▒▒▒·▒ ░◦░ ░◦░░◦◦◦◦◦◦◦◦░▒·▒%▒░◦░░░░░░◦░


There were no monsters in sight!

Vanquished Creatures
  A scorpion (D:2)
  An orc wizard (D:3)
  A worker ant (D:3)
  3 adders
  An ooze (D:1)
  3 dart slugs
  2 leopard geckos
  5 orcs (D:3)
  10 hobgoblins
  3 jackals (D:3)
  4 ball pythons
  4 bats
  2 frilled lizards (D:1)
  12 goblins
  9 kobolds
  8 rats
69 creatures vanquished.

Vanquished Creatures (others)
  An orc (D:3)
1 creature vanquished.

Grand Total: 70 creatures vanquished

Notes
Turn   | Place    | Note
-------+----------+-------------------------------------------
     0 | D:1      | TAS2012 the Spriggan Monk began the quest for the Orb.
     0 | D:1      | Reached XP level 1. HP: 11/11 MP: 2/2
   691 | D:1      | Reached XP level 2. HP: 11/16 MP: 3/3
  1376 | D:1      | Reached XP level 3. HP: 16/19 MP: 4/4
  1461 | D:2      | Noticed a scorpion
  1466 | D:2      | Killed a scorpion
  1466 | D:2      | Reached skill level 5 in Dodging
  1466 | D:2      | Reached XP level 4. HP: 19/24 MP: 5/5
  2354 | D:3      | Reached skill level 5 in Short Blades
  2556 | D:3      | Reached XP level 5. HP: 21/28 MP: 6/6
  3014 | D:3      | Found a white marble altar of Elyvilon.
  3306 | D:3      | Found an opulent altar of Gozag.
  3683 | D:3      | Noticed Grinder
  4393 | D:3      | HP: 2/42 [poisoned by a worker ant]
  4395 | D:3      | Succumbed to a worker ant's poison

Vault maps used:
D:1:      giann_forest_graveyard, serial_park_tiny_1, minmay_pentomino_q2
D:3:      elyvilon_altar_4, grunt_gozag_breadcrumbs, uniq_grinder

Skill      XL: |  1  2  3  4 |
---------------+-------------+-----
Short Blades   | 4 5 |  5.5
Fighting       | 3 |  3.1
Dodging        | 5 |  5.8
Stealth        | |  3.6

Action                   |  1- 3 |  4- 6 || total
-------------------------+-------+-------++-------
Melee: Short sword       |    33 |    17 ||    50
       Dagger            |   101 |   405 ||   506
  Use: Scroll            |       |    11 ||    11
       Potion            |       |     4 ||     4
 Stab: Sleeping          |     1 |     3 ||     4
       Distracted        |     1 |       ||     1
  Eat: Ration            |       |     1 ||     1
Armor: Robe              |    17 |    41 ||    58
Dodge: Dodged            |   125 |   270 ||   395

Table legend:
 A = Non-vault XP
 B = Vault XP
 C = Vault XP percentage of total XP
 D = Non-vault monster count
 E = Vault monster count
 F = Vault count percentage of total count
                 A         B        C        D         E       F
            +---------+---------+-------+---------+---------+-------
      Total |     287 |       6 |   2.0 |      67 |       2 |   2.9
            +---------+---------+-------+---------+---------+-------
        D:1 |      45 |       6 |  11.8 |      27 |       2 |   6.9
        D:2 |     108 |       0 |   0.0 |      19 |       0 |   0.0
        D:3 |     134 |       0 |   0.0 |      21 |       0 |   0.0
            +---------+---------+-------+---------+---------+-------
